 Dungeon Crawl Stone Soup version 0.30.1-3-gfc49f6343a (webtiles) character file.

Game seed: 2029072425033851215

66 Peloso the Trooper (level 3, -8/34 HPs)
             Began as a Minotaur Fighter on Aug 1, 2023.
             Mangled by an ogre
             ... wielding a +0 giant club
              (23 damage)
             ... on level 3 of the Dungeon.
             The game lasted 00:02:05 (1460 turns).

Peloso the Trooper (Minotaur Fighter)               Turns: 1460, Time: 00:02:06

Health: -8/34      AC:  9    Str: 19 (20) XL:     3   Next: 96%
Magic:  2/2        EV:  7    Int:  3 (5)  God:
Gold:   82         SH:  4    Dex:  9 (11) Spells: 2/2 levels left

rFire   . . .        a - +0 long sword
rCold   . . .        d - +0 buckler
rNeg    . . .        c - +0 chain mail
rPois   .            (helmet restricted)
rElec   .            (no cloak)
rCorr   .            (no gloves)
SInv    .            (no boots)
Will    .....        (no amulet) Stlth
                     (no ring)
HPRegen 0.25/turn    (no ring)
MPRegen 0.08/turn

%: no passive effects
@: no status effects
A: horns 2, retaliatory headbutt
a: no special abilities


You were on level 3 of the Dungeon.
You visited 1 branch of the dungeon, and saw 3 of its levels.

You collected 82 gold pieces.

Inventory:

Hand Weapons
 a - a +0 long sword (weapon)
Armour
 b - a +0 scale mail
 c - a +0 chain mail (worn)
 d - a +0 buckler (worn)
Jewellery
 k - an amulet of guardian spirit
Wands
 m - a wand of charming (12)
Scrolls
 e - 2 scrolls of identify {unknown}
 j - a scroll of noise {unknown}
Potions
 f - a potion of haste
 g - a potion of ambrosia
 h - a potion of curing {unknown}
 i - a potion of berserk rage {unknown}
 l - a potion of might


   Skills:
 + Level 4.4 Fighting
 + Level 3.0 Long Blades
 + Level 4.4 Armour
 + Level 0.3 Dodging
 + Level 4.1 Shields


You had 2 spell levels left.
You didn't know any spells.
Your spell library contained the following spells:

 Spells                   Type           Power      Damage    Failure   Level
 Apportation              Tloc           0%         N/A       99%         1
 Necrotise                Necr           0%         1d4       99%         1
 Summon Small Mammal      Summ           0%         N/A       99%         1


Dungeon Overview and Level Annotations

Branches:
Dungeon (3/15)

Altars:
Xom


Innate Abilities, Weirdness & Mutations

You have a pair of horns on your head.
You reflexively headbutt those who attack you in melee.


Message History

Done exploring.
(D) Dungeon
Where to? (Enter - D:2 @ (x,y), ? - help)
What level of the Dungeon? (default 1, ? - help)
There is a stone staircase leading up here.
There is a stone staircase leading down here.
You climb downwards.
There is a stone staircase leading up here.
Sorry, I don't know how to get there.
Found two leather armours.
Found 4 atropa-tipped darts.
You now have 82 gold pieces (gained 10).
An adder comes into view.
An ogre comes into view. It is wielding a +0 giant club.
You barely miss the adder.
The ogre shouts!
The adder bites you. The adder bites you but does no damage.
You barely miss the adder. The adder bites you but does no damage.
You closely miss the adder. The adder barely misses you.
You furiously retaliate!
You headbutt the adder! The adder closely misses you.
You miss the adder. Your headbutt misses the adder.
The adder is almost dead.
The adder bites you. x2
You closely miss the adder.
The adder is almost dead.
The adder barely misses you. You furiously retaliate!
You headbutt the adder.
You kill the adder!
You feel your strength returning.
Your Long Blades skill increases to level 3!
You hit the ogre.
The ogre is lightly wounded.
The ogre hits you with a +0 giant club!
You hit the ogre.
The ogre is moderately wounded.
The ogre hits you with a +0 giant club!
You barely miss the ogre. You headbutt the ogre!
The ogre is severely wounded.
The ogre hits you with a +0 giant club!!
Ouch! That really hurt!
You die...

..... #..(..
#[.... #### ## ##
#.....# .[#.
#.#... .....#..#.
#...#..
##.#..#.#.#..$..#.
#......###.......#
#.........@O......
#...........###...
#..........#.#
#.#.###...#..#
#...#<...#...#
##############


You could see an ogre.

Vanquished Creatures
  3 adders
  3 dart slugs (D:2)
  3 bats
  6 endoplasms
  A giant cockroach (D:2)
  2 goblins
  3 hobgoblins
  3 jackals (D:2)
  2 ball pythons (D:2)
  A frilled lizard (D:2)
  2 kobolds
  2 rats
31 creatures vanquished.

Notes
Turn   | Place    | Note
-------+----------+-------------------------------------------
     0 | D:1      | Peloso the Minotaur Fighter began the quest for the Orb.
     0 | D:1      | Reached XP level 1. HP: 19/19 MP: 0/0
   370 | D:1      | Reached XP level 2. HP: 27/27 MP: 1/1
   710 | D:2      | Reached XP level 3. HP: 33/33 MP: 2/2
   802 | D:2      | Found a shimmering altar of Xom.
  1452 | D:3      | Noticed an ogre
  1460 | D:3      | Mangled by an ogre

Illustrated notes

Levels and vault maps discovered:
D:1:      minmay_arrival_four_houses, layout_rooms, fountainhead
D:2:      minmay_general_purpose_star, layout_loops_cross, basic_altar,
          grunt_ministairs_1
D:3:      layout_basic, okawaru_gym_becter, mainiacjoe_overflow_six_doors_small,
          minmay_misc_feat_more_columns, hangedman_decor_diamond_cutter,
          uniq_grinder

Skill      XL: |  1  2  3 |
---------------+----------+-----
Fighting       | 4 |  4.4
Armour         | 4 |  4.4
Shields        | 4 |  4.1
Long Blades    | 3 |  3.0
Dodging        | |  0.3

Action                     || total
---------------------------++-------
  Melee: Long sword        ||    71
         Headbutt          ||     8
    Use: Potion            ||     5
         Scroll            ||     2
 Armour: Scale mail        ||    38
         Chain mail        ||     2
  Dodge: Dodged            ||    36
  Block: Buckler           ||    16
